SL
PHOENIX HOTSPUR @ THUNDER BAY NORTHERN LIONS BC
10/04/2024
 
TOP OF THE 1ST
Phoenix Hotspur batting - Pitching for Thunder Bay Northern Lions BC : RHP Júlio Palma
Pitching: RHP Júlio Palma
Batting: LHB Arthur Ryan 0-0: Ball
1-0: Ball
2-0: Ball
3-0: Called Strike
3-1: Base on Balls
Batting: LHB Shojiro Ueda 0-0: Foul Ball, location: 2F
0-1: Foul Ball, location: 2F
0-2: Ball
1-2: Ball
2-2: Ball
Arthur Ryan steals 2nd base
3-2: Strikes out swinging
Batting: RHB Raúl Robles 0-0: Ball
1-0: Called Strike
Arthur Ryan steals 3rd base
1-1: Ball
2-1: Called Strike
2-2: DOUBLE (Groundball, 5L)
Arthur Ryan scores
Batting: RHB Martín Martínez 0-0: Ball
1-0: Ball
2-0: Called Strike
2-1: Foul Ball, location: 2F
2-2: Strikes out swinging
Batting: SHB Roberto López 0-0: Foul Ball, location: 2F
0-1: Called Strike
0-2: Strikes out swinging
Top of the 1st over - 1 run(s), 1 hit(s), 0 error(s), 1 left on base; Phoenix 1 - Thunder Bay 0
BOTTOM OF THE 1ST
Thunder Bay Northern Lions BC batting - Pitching for Phoenix Hotspur : RHP Pedro Valdéz
Pitching: RHP Pedro Valdéz
Batting: LHB David Smith 0-0: Swinging Strike
0-1: Swinging Strike
0-2: Ball
1-2: Strikes out swinging
Batting: RHB Keith Fish 0-0: Ball
1-0: Ball
2-0: Called Strike
2-1: Called Strike
2-2: Strikes out swinging
Batting: LHB Michael Greene 0-0: Foul Ball, location: 2F
0-1: Ball
1-1: Ball
2-1: Foul Ball, location: 2F
2-2: Strikes out looking
Bottom of the 1st over - 0 run(s), 0 hit(s), 0 error(s), 0 left on base; Phoenix 1 - Thunder Bay 0
TOP OF THE 2ND
Phoenix Hotspur batting - Pitching for Thunder Bay Northern Lions BC : RHP Júlio Palma
Batting: RHB Randy Rehling 0-0: Ball
1-0: Ball
2-0: Fly out, F3 (Popup, 3L)
Batting: RHB Gabriel Pérez 0-0: Fly out, F8 (Flyball, 8LD)
Batting: RHB Ángel Rivera 0-0: Called Strike
0-1: Ball
1-1: Foul Ball, location: 2F
1-2: Strikes out swinging
Top of the 2nd over - 0 run(s), 0 hit(s), 0 error(s), 0 left on base; Phoenix 1 - Thunder Bay 0
BOTTOM OF THE 2ND
Thunder Bay Northern Lions BC batting - Pitching for Phoenix Hotspur : RHP Pedro Valdéz
Batting: LHB Chris Gregory 0-0: Ball
1-0: Called Strike
1-1: Foul Ball, location: 2F
1-2: Ball
2-2: Foul Ball, location: 2F
2-2: Strikes out looking
Batting: SHB Carlos Rodríguez 0-0: Ball
1-0: Called Strike
1-1: Called Strike
1-2: Ground out U3 (Groundball, 3)
Batting: RHB Ed Whitaker 0-0: Ball
1-0: Swinging Strike
1-1: Called Strike
1-2: Strikes out swinging
Bottom of the 2nd over - 0 run(s), 0 hit(s), 0 error(s), 0 left on base; Phoenix 1 - Thunder Bay 0
TOP OF THE 3RD
Phoenix Hotspur batting - Pitching for Thunder Bay Northern Lions BC : RHP Júlio Palma
Batting: RHB Ben Anderson 0-0: Called Strike
0-1: Ball
1-1: Foul Ball, location: 2F
1-2: Strikes out swinging
Batting: LHB Arthur Ryan 0-0: Foul Ball, location: 2F
0-1: Swinging Strike
0-2: Foul Ball, location: 2F
0-2: Ball
1-2: Strikes out looking
Batting: LHB Shojiro Ueda 0-0: Ball
1-0: Foul Ball, location: 2F
1-1: Called Strike
1-2: Foul Ball, location: 2F
1-2: Ball
2-2: Ball
3-2: Fly out, F6 (Popup, 5D)
Top of the 3rd over - 0 run(s), 0 hit(s), 0 error(s), 0 left on base; Phoenix 1 - Thunder Bay 0
BOTTOM OF THE 3RD
Thunder Bay Northern Lions BC batting - Pitching for Phoenix Hotspur : RHP Pedro Valdéz
Batting: LHB John Brewer 0-0: Ground out 3-1 (Groundball, 34S)
Batting: SHB Arnold Griffith 0-0: Called Strike
0-1: Swinging Strike
0-2: Strikes out swinging
Batting: RHB Carlos Padilla 0-0: Ball
1-0: Ball
2-0: Fly out, F9 (Flyball, 89S)
Bottom of the 3rd over - 0 run(s), 0 hit(s), 0 error(s), 0 left on base; Phoenix 1 - Thunder Bay 0
TOP OF THE 4TH
Phoenix Hotspur batting - Pitching for Thunder Bay Northern Lions BC : RHP Júlio Palma
Batting: RHB Raúl Robles 0-0: Called Strike
0-1: Called Strike
0-2: Ball
1-2: Strikes out swinging
Batting: RHB Martín Martínez 0-0: Ball
1-0: Ball
2-0: Foul Ball, location: 2F
2-1: Called Strike
2-2: Strikes out swinging
Batting: SHB Roberto López 0-0: Called Strike
0-1: Ball
1-1: Ball
2-1: Ball
3-1: Reached on error, E4 (Groundball, 4)
Batting: RHB Randy Rehling 0-0: Foul Ball, location: 2F
0-1: Fielders Choice at 2nd, U4 (Groundball, 4M)
Top of the 4th over - 0 run(s), 0 hit(s), 1 error(s), 1 left on base; Phoenix 1 - Thunder Bay 0
BOTTOM OF THE 4TH
Thunder Bay Northern Lions BC batting - Pitching for Phoenix Hotspur : RHP Pedro Valdéz
Batting: LHB David Smith 0-0: Ground out 4-3 (Groundball, 34)
Batting: RHB Keith Fish 0-0: Called Strike
0-1: Ball
1-1: Ball
2-1: Ball
3-1: Called Strike
3-2: Foul Ball, location: 2F
3-2: Foul Ball, location: 2F
3-2: Foul Ball, location: 2F
3-2: DOUBLE (Flyball, 89M)
Batting: LHB Michael Greene 0-0: Ball
1-0: Ball
2-0: Ball
3-0: Foul Ball, location: 2F
3-1: Called Strike
3-2: Foul Ball, location: 2F
3-2: Strikes out swinging
Batting: LHB Chris Gregory 0-0: Ground out 4-3 (Groundball, 4)
Bottom of the 4th over - 0 run(s), 1 hit(s), 0 error(s), 1 left on base; Phoenix 1 - Thunder Bay 0
TOP OF THE 5TH
Phoenix Hotspur batting - Pitching for Thunder Bay Northern Lions BC : RHP Júlio Palma
Batting: RHB Gabriel Pérez 0-0: Ball
1-0: Fly out, F8 (Flyball, 8LD)
Batting: RHB Ángel Rivera 0-0: Called Strike
0-1: Swinging Strike
0-2: Strikes out swinging
Batting: RHB Ben Anderson 0-0: Ball
1-0: Ground out 4-3 (Groundball, 4)
Top of the 5th over - 0 run(s), 0 hit(s), 0 error(s), 0 left on base; Phoenix 1 - Thunder Bay 0
BOTTOM OF THE 5TH
Thunder Bay Northern Lions BC batting - Pitching for Phoenix Hotspur : RHP Pedro Valdéz
Batting: SHB Carlos Rodríguez 0-0: Ball
1-0: Ball
2-0: Ground out 4-3 (Groundball, 4)
Batting: RHB Ed Whitaker 0-0: Called Strike
0-1: Called Strike
0-2: Ball
1-2: Ball
2-2: Foul Ball, location: 2F
2-2: Foul Ball, location: 2F
2-2: Foul Ball, location: 2F
2-2: Strikes out swinging
Batting: LHB John Brewer 0-0: Ball
1-0: Ball
2-0: Called Strike
2-1: Ball
3-1: Foul Ball, location: 2F
3-2: Base on Balls
Batting: SHB Arnold Griffith 0-0: Called Strike
0-1: Foul Ball, location: 2F
0-2: Ball
1-2: Ball
2-2: Fly out, F7 (Flyball, 7S)
Bottom of the 5th over - 0 run(s), 0 hit(s), 0 error(s), 1 left on base; Phoenix 1 - Thunder Bay 0
TOP OF THE 6TH
Phoenix Hotspur batting - Pitching for Thunder Bay Northern Lions BC : RHP Júlio Palma
Batting: LHB Arthur Ryan 0-0: Ball
1-0: Swinging Strike
1-1: Fly out, F2 (Popup, 2L)
Batting: LHB Shojiro Ueda 0-0: Called Strike
0-1: Ball
1-1: Ball
2-1: Ground out 4-3 (Groundball, 4)
Batting: RHB Raúl Robles 0-0: Called Strike
0-1: Ball
1-1: Called Strike
1-2: Foul Ball, location: 2F
1-2: Foul Ball, location: 2F
1-2: Ball
2-2: Strikes out looking
Top of the 6th over - 0 run(s), 0 hit(s), 0 error(s), 0 left on base; Phoenix 1 - Thunder Bay 0
BOTTOM OF THE 6TH
Thunder Bay Northern Lions BC batting - Pitching for Phoenix Hotspur : RHP Pedro Valdéz
Pitching: LHP Edgar Capello
Batting: RHB Carlos Padilla 0-0: Ball
1-0: Called Strike
1-1: Swinging Strike
1-2: Foul Ball, location: 2F
1-2: Fly out, F9 (Line Drive, 89M)
Batting: LHB David Smith 0-0: Fly out, F7 (Flyball, 7M)
Batting: RHB Keith Fish 0-0: Foul Ball, location: 2F
0-1: Ball
1-1: Ball
2-1: Swinging Strike
2-2: Ground out U3 (Groundball, 3L)
Bottom of the 6th over - 0 run(s), 0 hit(s), 0 error(s), 0 left on base; Phoenix 1 - Thunder Bay 0
TOP OF THE 7TH
Phoenix Hotspur batting - Pitching for Thunder Bay Northern Lions BC : RHP Júlio Palma
Batting: RHB Martín Martínez 0-0: Ball
1-0: Swinging Strike
1-1: Ball
2-1: Ball
3-1: Swinging Strike
3-2: Foul Ball, location: 2F
3-2: Ground out 6-3 (Groundball, 6)
Batting: SHB Roberto López 0-0: Ball
1-0: Fly out, F7 (Flyball, 7D)
Batting: RHB Randy Rehling 0-0: DOUBLE (Line Drive, 5D)
Batting: RHB Gabriel Pérez 0-0: Foul Ball, location: 2F
0-1: Fly out, F2 (Popup, 2LF)
Top of the 7th over - 0 run(s), 1 hit(s), 0 error(s), 1 left on base; Phoenix 1 - Thunder Bay 0
BOTTOM OF THE 7TH
Thunder Bay Northern Lions BC batting - Pitching for Phoenix Hotspur : LHP Edgar Capello
Batting: LHB Michael Greene 0-0: Fly out, F8 (Flyball, 8LM)
Batting: LHB Chris Gregory 0-0: Foul Ball, location: 2F
0-1: Fly out, F7 (Flyball, 8LD)
Batting: SHB Carlos Rodríguez 0-0: Ball
1-0: Ball
2-0: Ball
3-0: Called Strike
3-1: Ground out 6-3 (Groundball, 6)
Bottom of the 7th over - 0 run(s), 0 hit(s), 0 error(s), 0 left on base; Phoenix 1 - Thunder Bay 0
TOP OF THE 8TH
Phoenix Hotspur batting - Pitching for Thunder Bay Northern Lions BC : RHP Júlio Palma
Batting: RHB Ángel Rivera 0-0: Ball
1-0: Called Strike
1-1: Foul Ball, location: 2F
1-2: Fly out, F9 (Flyball, 9LM)
Batting: RHB Ben Anderson 0-0: Called Strike
0-1: SINGLE (Groundball, 56)
Batting: LHB Arthur Ryan 0-0: Ball
1-0: Ball
2-0: SINGLE (Flyball, 7S)
Ben Anderson to second
Pitching: LHP Jake O'Tomalty
Pinch Hitting: RHB Alfredo Martínez 0-0: Called Strike
0-1: Fly out, F9 (Flyball, 9LS)
Batting: RHB Raúl Robles 0-0: SINGLE (Groundball, 6MD)
Ben Anderson to third
Arthur Ryan to second
Runner from 3rd tries for Home, SAFE, no throw or cutoff
Batting: RHB Martín Martínez 0-0: Ball
1-0: Fly out, F7 (Line Drive, 78M)
Top of the 8th over - 1 run(s), 3 hit(s), 0 error(s), 2 left on base; Phoenix 2 - Thunder Bay 0
BOTTOM OF THE 8TH
Thunder Bay Northern Lions BC batting - Pitching for Phoenix Hotspur : LHP Edgar Capello
Now at 1B: Alfredo Martínez
Batting: RHB Ed Whitaker 0-0: Called Strike
0-1: Ball
1-1: Ball
2-1: Ball
3-1: Foul Ball, location: 2F
3-2: Base on Balls
Pitching: LHP Jeff Burrell
Batting: LHB John Brewer 0-0: Ball
1-0: Called Strike
1-1: Foul Ball, location: 2F
1-2: Grounds into double play, 4-6-3 (Groundball, 4)
Batting: SHB Arnold Griffith 0-0: Called Strike
0-1: Ball
1-1: Swinging Strike
1-2: Ball
2-2: Ground out 6-3 (Groundball, 6M)
Bottom of the 8th over - 0 run(s), 0 hit(s), 0 error(s), 0 left on base; Phoenix 2 - Thunder Bay 0
TOP OF THE 9TH
Phoenix Hotspur batting - Pitching for Thunder Bay Northern Lions BC : LHP Jake O'Tomalty
Batting: SHB Roberto López 0-0: Foul Ball, location: 2F
0-1: Swinging Strike
0-2: Ball
1-2: Ball
2-2: Foul Ball, location: 2F
2-2: Foul Ball, location: 2F
2-2: Strikes out looking
Batting: RHB Randy Rehling 0-0: Ball
1-0: Called Strike
1-1: Ball
2-1: Foul Ball, location: 2F
2-2: Strikes out swinging
Batting: RHB Gabriel Pérez 0-0: Swinging Strike
0-1: Swinging Strike
0-2: Strikes out swinging
Top of the 9th over - 0 run(s), 0 hit(s), 0 error(s), 0 left on base; Phoenix 2 - Thunder Bay 0
BOTTOM OF THE 9TH
Thunder Bay Northern Lions BC batting - Pitching for Phoenix Hotspur : LHP Jeff Burrell
Pitching: RHP Bruce Hamilton
Batting: RHB Carlos Padilla 0-0: Ball
1-0: Called Strike
1-1: Fly out, F8 (Line Drive, 8RM)
Batting: LHB David Smith 0-0: Ball
1-0: Foul Ball, location: 2F
1-1: Ground out 6-3 (Groundball, 4MS)
Batting: RHB Keith Fish 0-0: Called Strike
0-1: Foul Ball, location: 2F
0-2: Ball
1-2: Strikes out looking
Bottom of the 9th over - 0 run(s), 0 hit(s), 0 error(s), 0 left on base; Phoenix 2 - Thunder Bay 0
This league is powered by Out of the Park Baseball, the baseball management simulation game for PC, Mac and Linux
Monday, October 3rd, 2016 - OOTP Baseball 16.9 Build 39